 Dungeon Crawl Stone Soup version 0.31-a0-261-g072fdb8a1f (webtiles) character file.

Game seed: 17936934552939021031

22170 qw the Marksminotaur (level 12, -1/110 HPs)
             Began as a Minotaur Hexslinger on July 13, 2023.
             Was a High Priest of Okawaru.
             Slain by a five-headed hydra (2 damage)
             ... on level 3 of the Lair of Beasts.
             The game lasted 00:05:31 (11866 turns).

qw the Marksminotaur (Minotaur Hexslinger)         Turns: 11866, Time: 00:05:32

Health: -1/110     AC: 12    Str: 19    XL:     12   Next: 60%
Magic:  17/17      EV: 20    Int: 10    God:    Okawaru [*****.]
Gold:   237        SH:  5    Dex: 18    Spells: 12/13 levels left

rFire   . . .        Y - +2 orcbow (drain)
rCold   . . .        (shield currently unavailable)
rNeg    . . .        h - +0 steam dragon scales
rPois   .            (helmet restricted)
rElec   .            g - +0 cloak
rCorr   +            j - +0 pair of gloves
SInv    .            i - +0 pair of boots
Will    .....        f - amulet of reflection
Stlth   +++          k - +6 ring of strength
HPRegen 0.38/turn    l - ring of resist corrosion
MPRegen 0.15/turn

%: reflection
@: about to teleport, heroic
A: horns 2, retaliatory headbutt
a: Renounce Religion, Heroism, Finesse, Duel


You were on level 3 of the Lair of Beasts.
You worshipped Okawaru.
Okawaru was extremely pleased with you.
You visited 3 branches of the dungeon, and saw 12 of its levels.

You collected 428 gold pieces.
You spent 191 gold pieces at shops.


Innate Abilities, Weirdness & Mutations

You have a pair of horns on your head.
You reflexively headbutt those who attack you in melee.


   Skills:
 - Level 11.0(16.0) Fighting
 - Level 16.0(21.0) Ranged Weapons
 - Level 6.0(11.0) Armour
 + Level 8.1(13.1) Dodging
 - Level 1.0 Spellcasting
 - Level 2.0 Hexes
 + Level 9.0 Invocations


You had 12 spell levels left.
You knew the following spells:

 Your Spells              Type           Power      Damage    Failure   Level
a - Slow                  Hex            16%        N/A       16%         1

Your spell library contained the following spells:

 Spells                   Type           Power      Damage    Failure   Level
 Inner Flame              Hex/Fire       2%         N/A       56%         3
 Portal Projectile        Hex/Tloc       4%         N/A       56%         3
 Cause Fear               Hex            2%         N/A       83%         4

Inventory:

Hand Weapons
 Y - a +2 orcbow of draining (weapon)
Armour
 g - a +0 cloak (worn)
 h - +0 steam dragon scales (worn)
 i - a +0 pair of boots (worn)
 j - a +0 pair of gloves (worn)
Jewellery
 f - an amulet of reflection (around neck)
 k - a +6 ring of strength (left hand)
 l - a ring of resist corrosion (right hand)
Scrolls
 a - 2 scrolls of teleportation
 d - 2 scrolls of identify
Potions
 b - a potion of mutation
 c - a potion of enlightenment
 e - a potion of cancellation {unknown}
 m - a potion of resistance {unknown}
 n - a potion of brilliance {unknown}

Dungeon Overview and Level Annotations

Branches:
Dungeon (8/15)             Temple (1/1) D:6            Lair (3/5) D:8
 Shoals (0/4) Lair:3       Spider (0/4) Lair:2

Altars:
Ashenzari
Cheibriados
Dithmenos
Elyvilon
Fedhas
Gozag
Hepliaklqana
Kikubaaqudgha
Makhleb
Nemelex Xobeh
Okawaru
Qazlal
Ru
Sif Muna
Trog
Uskayaw
Vehumet
Wu Jian
Yredelemnul
Zin
The Shining One

Shops:
D:8 *

Annotations:
D:4 1 runed translucent door, Crazy Yiuf
D:5 3 runed translucent doors, qw's ghost, novice MiHs
D:8 1 runed translucent door, qw's ghost, novice GrHs


Message History

You shoot an arrow. The arrow hits the water moccasin!
You kill the water moccasin!
Okawaru accepts your kill.
The blink frog blinks!
The five-headed hydra misses you.
You block the five-headed hydra's attack.
The five-headed hydra bites you but does no damage.
The five-headed hydra bites you.
The five-headed hydra completely misses you.
The dream sheep closely misses you. You furiously retaliate!
You headbutt the dream sheep! The seven-headed hydra bites you!
The seven-headed hydra bites you. The seven-headed hydra misses you. x2
The seven-headed hydra bites you but does no damage.
The seven-headed hydra misses you.
The seven-headed hydra completely misses you.
Your Invocations skill increases to level 9!
You shoot an arrow.
The arrow closely misses the dream sheep.
The five-headed hydra bites you but does no damage.
You block the five-headed hydra's attack.
The five-headed hydra bites you but does no damage.
The five-headed hydra bites you. x2
You shoot an arrow. The arrow hits the dream sheep.
You drain the dream sheep.
The dream sheep is severely wounded.
The dream sheep completely misses you. You furiously retaliate!
You headbutt the dream sheep!
You kill the dream sheep!
Okawaru accepts your kill.
The seven-headed hydra completely misses you.
You furiously retaliate!
You headbutt the seven-headed hydra, but do no damage.
You block the seven-headed hydra's attack.
The seven-headed hydra bites you but does no damage. x2
The seven-headed hydra barely misses you.
The seven-headed hydra misses you. The seven-headed hydra bites you!
11866 ||| READING 3 scrolls of teleportation.
As you read the scroll of teleportation, it crumbles to dust.
You feel strangely unstable.
You block the five-headed hydra's attack.
The five-headed hydra bites you! x2; The five-headed hydra bites you.
You die...

...#...7.......7...### ###.#...
#P.#.7.7.7.7.7.7.7.# #....##.
##.#.7.7.7.7.7.7.7.# #....##.
#.#77.7.7.7.7.7.77# #....... #.#
7...7...7...7 #.......
##.#######7.7###### #.......
#..#7~ 77.~77 ~7 . #.......
##.#7~7777~~~~777~7##.F. #.(.....
##.#.~.7.~7.~777@D.ยค[$~$
#....... ...#7.~7~.7~.777D.7##.($
#....... ...#777~777.~~~~777
#....... ...# #####7.7#####
#.....?. ...#77...7...7.%.77
#....... ##.#7..7...#...7..7#
#....... #..#|77777#(#77777.#
#....... ...#7..7...#...7..7#
#...#...
...#77...7...7...77#######...#...


You could see a seven-headed hydra, a five-headed hydra (drained) and a blink
frog.

Vanquished Creatures
  3 elephants (Lair:1)
  A merfolk siren (Lair:3)
  3 black mambas
  9 cane toads
  2 rime drakes
  3 komodo dragons
  A hornet (D:8)
  3 polar bears
  Prince Ribbit (D:6)
  A dream sheep (Lair:3)
  9 blink frogs
  Sigmund (D:4)
  4 wyverns
  30 yaks
  2 basilisks (Lair:3)
  2 steam dragons
  14 water moccasins
  2 sky beasts
  2 ogres (D:4)
  31 wolves
  5 centaurs
  14 bullfrogs
  Blork the orc (D:4)
  6 scorpions
  2 gnoll sergeants (D:8)
  A howler monkey (D:8)
  An electric eel (Lair:3)
  A lava snake (Lair:3)
  10 hounds
  A jelly (D:7)
  2 quasits (D:5)
  4 orc priests
  3 sleepcaps
  Natasha (thrice) (D:2)
  3 gnoll boudas
  An iguana (D:5)
  5 orc wizards
  Robin (D:2)
  6 adders
  26 gnolls
  7 shadow imps
  6 white imps
  3 ufetubi (D:5)
  4 worms
  3 dart slugs
  28 orcs
  8 endoplasms
  6 giant cockroaches
  14 goblins
  11 hobgoblins
  18 jackals
  3 kobolds (D:2)
  6 quokkas
  3 ball pythons
  4 bats
  A frilled lizard (D:2)
  3 rats
348 creatures vanquished.

Notes
Turn   | Place    | Note
-------+----------+-------------------------------------------
     0 | D:1      | qw the Minotaur Hexslinger began the quest for the Orb.
     0 | D:1      | Reached XP level 1. HP: 16/16 MP: 1/1
     0 | D:1      | 0 ||| qw: Version: 0.3-a-52-g30416fa
     0 | D:1      | 0 ||| qw: Game counter: 6999
     0 | D:1      | 0 ||| qw: Melee chars always use a shield: true
     0 | D:1      | 0 ||| qw: God list: Okawaru
     0 | D:1      | 0 ||| qw: Allow faded altars: false
     0 | D:1      | 0 ||| qw: Do Orc after clearing Dungeon:15 true
     0 | D:1      | 0 ||| qw: Do second Lair branch before Depths: true
     0 | D:1      | 0 ||| qw: Lair rune preference: random
     0 | D:1      | 0 ||| qw: Goals: Normal
     0 | D:1      | 0 ||| PLANNING D:1-11
   354 | D:1      | Reached skill level 3 in Ranged Weapons
   354 | D:1      | Reached XP level 2. HP: 23/23 MP: 2/2
   667 | D:1      | 667 ||| UPGRADING to amulet of reflection.
   672 | D:1      | 672 ||| READING scroll labelled PAKHAI CEYMU.
   673 | D:1      | 673 ||| READING scroll labelled SAMPYOWNEL.
   674 | D:1      | 674 ||| DRINKING 2 emerald potions.
   675 | D:1      | 675 ||| DRINKING 2 yellow potions.
   702 | D:1      | 702 ||| DROPPING scroll of poison.
   703 | D:1      | 703 ||| DROPPING potion of attraction.
   704 | D:1      | 704 ||| DROPPING potion of lignification.
   855 | D:2      | Reached XP level 3. HP: 29/29 MP: 3/3
   861 | D:2      | Noticed Robin
   867 | D:2      | Killed Robin
   887 | D:2      | Reached skill level 4 in Ranged Weapons
   978 | D:2      | Noticed Natasha
   979 | D:2      | 979 ||| FLEEEEING.
   980 | D:2      | 980 ||| FLEEEEING.
   981 | D:2      | 981 ||| FLEEEEING.
   982 | D:2      | 982 ||| FLEEEEING.
   983 | D:2      | 983 ||| FLEEEEING.
   990 | D:2      | 990 ||| FLEEEEING.
   998 | D:2      | Killed Natasha
   999 | D:2      | Reached XP level 4. HP: 10/36 MP: 4/4
  1336 | D:2      | 1336 ||| READING scroll of enchant weapon.
  1336 | D:2      | 1336 ||| ENCHANTING +2 sling.
  1466 | D:2      | Reached skill level 5 in Ranged Weapons
  1467 | D:2      | Noticed Natasha
  1475 | D:2      | Killed Natasha
  1476 | D:2      | Reached skill level 3 in Fighting
  1507 | D:2      | Noticed Natasha
  1511 | D:2      | Killed Natasha
  1512 | D:2      | Reached XP level 5. HP: 30/45 MP: 5/5
  1676 | D:2      | 1676 ||| UPGRADING to +0 leather armour.
  1686 | D:2      | 1686 ||| DROPPING +0 robe.
  1687 | D:2      | 1687 ||| READING 2 scrolls labelled XEOLEU UKOO.
  2358 | D:3      | Reached skill level 6 in Ranged Weapons
  2365 | D:3      | HP: 3/45 [orc priest/divine providence (9)]
  2368 | D:3      | Reached XP level 6. HP: 5/52 MP: 6/6
  2571 | D:3      | 2571 ||| UPGRADING to +0 pair of gloves.
  2576 | D:3      | 2576 ||| DROPPING ring of magical power.
  2577 | D:3      | 2577 ||| READING scroll labelled NIXTIS POSOU.
  2678 | D:3      | 2678 ||| READING scroll labelled LUZISSECVECW.
  2679 | D:3      | 2679 ||| READING scroll labelled ULEUSEP NUXI.
  2702 | D:4      | 2702 ||| STAIRDANCE
  2704 | D:3      | HP: 13/52 [gnoll/+0 whip (7)]
  2706 | D:3      | Reached skill level 1 in Armour
  2706 | D:3      | HP: 5/52 [gnoll/+0 whip (3)]
  2707 | D:3      | HP: 2/52 [gnoll/+0 whip (4)]
  2892 | D:4      | 2892 ||| STAIRDANCE
  2999 | D:4      | 2999 ||| FLEEEEING.
  3000 | D:4      | 3000 ||| FLEEEEING.
  3001 | D:4      | 3001 ||| FLEEEEING.
  3002 | D:4      | 3002 ||| FLEEEEING.
  3003 | D:4      | 3003 ||| FLEEEEING.
  3004 | D:4      | 3004 ||| FLEEEEING.
  3005 | D:4      | 3005 ||| FLEEEEING.
  3006 | D:4      | 3006 ||| FLEEEEING.
  3015 | D:4      | Reached skill level 7 in Ranged Weapons
  3015 | D:4      | Reached XP level 7. HP: 56/59 MP: 7/7
  3073 | D:4      | Noticed Sigmund
  3096 | D:4      | HP: 10/59 [something (11)]
  3098 | D:4      | HP: 3/59 [something (7)]
  3103 | D:4      | HP: 1/59 [Sigmund/+0 scythe (3)]
  3105 | D:4      | Killed Sigmund
  3106 | D:4      | Reached skill level 8 in Ranged Weapons
  3502 | D:4      | Noticed Blork the orc
  3509 | D:4      | Killed Blork the orc
  3637 | D:4      | Found a runed translucent door.
  3638 | D:4      | Noticed Crazy Yiuf
  3936 | D:4      | 3936 ||| UPGRADING to +0 ring mail.
  3946 | D:4      | 3946 ||| DROPPING +0 leather armour.
  3947 | D:4      | 3947 ||| READING 2 scrolls of identify.
  3947 | D:4      | 3947 ||| IDENTIFYING smoky pink potion
  3969 | D:5      | Entered Level 5 of the Dungeon
  4020 | D:5      | Reached skill level 3 in Armour
  4266 | D:5      | Reached XP level 8. HP: 60/68 MP: 8/8
  4414 | D:5      | 4414 ||| FLEEEEING.
  4415 | D:5      | 4415 ||| FLEEEEING.
  4416 | D:5      | 4416 ||| FLEEEEING.
  4417 | D:5      | 4417 ||| FLEEEEING.
  4418 | D:5      | 4418 ||| FLEEEEING.
  4419 | D:5      | 4419 ||| FLEEEEING.
  4420 | D:5      | 4420 ||| FLEEEEING.
  4421 | D:5      | 4421 ||| FLEEEEING.
  4422 | D:5      | 4422 ||| FLEEEEING.
  4423 | D:5      | 4423 ||| FLEEEEING.
  4424 | D:5      | 4424 ||| FLEEEEING.
  4425 | D:5      | 4425 ||| FLEEEEING.
  4426 | D:5      | 4426 ||| FLEEEEING.
  4529 | D:5      | Found a runed translucent gate.
  4538 | D:5      | Noticed qw's ghost (novice MiHs)
  4556 | D:5      | Reached skill level 9 in Ranged Weapons
  4697 | D:5      | Found a runed translucent gate.
  4698 | D:5      | Found a runed translucent gate.
  5048 | D:5      | 5048 ||| UPGRADING to +0 cloak.
  5053 | D:5      | 5053 ||| READING 3 scrolls labelled VAKYET PYIFF.
  5054 | D:5      | 5054 ||| READING 3 scrolls of identify.
  5054 | D:5      | 5054 ||| IDENTIFYING fizzy ruby potion
  5055 | D:5      | 5055 ||| DROPPING potion of invisibility.
  5056 | D:5      | 5056 ||| DROPPING 2 scrolls of blinking.
  5139 | D:6      | Reached skill level 3 in Dodging
  5174 | D:6      | Found a staircase to the Ecumenical Temple.
  5175 | D:6      | 5175 ||| PLANNING TEMPLE
  5175 | D:6      | 5175 ||| READING scroll labelled HIUFFEOSOOL.
  5210 | Temple   | Entered the Ecumenical Temple
  5355 | Temple   | 5355 ||| PLANNING D:1-11
  5387 | D:6      | 5387 ||| SWAPPING to +0 orcbow.
  5388 | D:6      | 5388 ||| DROPPING +3 sling.
  5467 | D:6      | Found an iron altar of Okawaru.
  5468 | D:6      | 5468 ||| PLANNING OKAWARU WORSHIP
  5472 | D:6      | Became a worshipper of Warmaster Okawaru
  5473 | D:6      | 5473 ||| PLANNING D:1-11
  5607 | D:6      | 5607 ||| Stepping ~*~*~tactically~*~*~ (outnumbered).
  5615 | D:6      | Reached skill level 6 in Fighting
  5668 | D:6      | 5668 ||| SWAPPING to +2 orcbow of draining.
  5669 | D:6      | 5669 ||| DROPPING +0 orcbow.
  5738 | D:6      | Noticed Prince Ribbit
  5752 | D:6      | Killed Prince Ribbit
  5752 | D:6      | Reached * piety under Okawaru
  5753 | D:6      | Reached skill level 10 in Ranged Weapons
  6042 | D:6      | 6042 ||| READING scroll labelled TACOSHUXAN.
  6043 | D:6      | 6043 ||| READING scroll labelled JIODDOOSEY.
  6091 | D:7      | Found a broken altar of Ashenzari.
  6116 | D:7      | Found an opulent altar of Gozag.
  6132 | D:7      | Reached skill level 1 in Invocations
  6227 | D:7      | 6227 ||| INVOKING Heroism.
  6230 | D:7      | 6230 ||| Stepping ~*~*~tactically~*~*~ (cloud).
  6235 | D:7      | Reached XP level 9. HP: 77/78 MP: 6/9
  6235 | D:7      | 6235 ||| Stepping ~*~*~tactically~*~*~ (cloud).
  6238 | D:7      | 6238 ||| Stepping ~*~*~tactically~*~*~ (cloud).
  6342 | D:7      | 6342 ||| INVOKING Heroism.
  6434 | D:7      | 6434 ||| DRINKING potion of curing.
  6434 | D:7      | 6434 ||| (to cure confusion)
  6466 | D:7      | 6466 ||| INVOKING Heroism.
  6471 | D:7      | Reached skill level 3 in Invocations
  6527 | D:7      | 6527 ||| Stepping ~*~*~tactically~*~*~ (outnumbered).
  6535 | D:7      | 6535 ||| FLEEEEING.
  6538 | D:7      | 6538 ||| FLEEEEING.
  6539 | D:7      | 6539 ||| FLEEEEING.
  6540 | D:7      | 6540 ||| FLEEEEING.
  6541 | D:7      | 6541 ||| FLEEEEING.
  6542 | D:7      | 6542 ||| FLEEEEING.
  6551 | D:7      | Reached skill level 11 in Ranged Weapons
  6609 | D:7      | 6609 ||| INVOKING Heroism.
  6754 | D:7      | Found an ancient bone altar of Kikubaaqudgha.
  6754 | D:7      | Found a glowing golden altar of the Shining One.
  6755 | D:7      | Found a bloodstained altar of Trog.
  6757 | D:7      | Found a hazy altar of Hepliaklqana.
  6759 | D:7      | Found a sacrificial altar of Ru.
  6820 | D:7      | 6820 ||| INVOKING Heroism.
  6956 | D:7      | 6956 ||| UPGRADING to +0 steam dragon scales.
  6966 | D:7      | 6966 ||| DROPPING +0 ring mail.
  6967 | D:7      | 6967 ||| READING scroll labelled KUXTOTATWIU.
  6997 | D:8      | Noticed qw's ghost (novice GrHs)
  6997 | D:8      | Found a runed translucent door.
  7007 | D:8      | 7007 ||| STAIRDANCE
  7014 | D:7      | 7014 ||| INVOKING Heroism.
  7148 | D:8      | Reached ** piety under Okawaru
  7157 | D:8      | Found Omeot's Assorted Antiques.
  7161 | D:8      | 7161 ||| SHOPLISTING +0 pair of fencer's gloves {Riposte
                  | Dex+3} (1160 gold, have 270).
  7161 | D:8      | 7161 ||| BUYING puce potion (26 gold).
  7161 | D:8      | Bought a puce potion for 26 gold pieces
  7161 | D:8      | 7161 ||| BUYING runed robe (107 gold).
  7161 | D:8      | Bought a runed robe for 107 gold pieces
  7161 | D:8      | 7161 ||| BUYING scroll of identify (58 gold).
  7161 | D:8      | Bought a scroll of identify for 58 gold pieces
  7206 | D:8      | 7206 ||| INVOKING Heroism.
  7232 | D:8      | 7232 ||| FLEEEEING.
  7233 | D:8      | 7233 ||| FLEEEEING.
  7234 | D:8      | 7234 ||| FLEEEEING.
  7235 | D:8      | 7235 ||| FLEEEEING.
  7236 | D:8      | 7236 ||| FLEEEEING.
  7237 | D:8      | 7237 ||| FLEEEEING.
  7238 | D:8      | 7238 ||| FLEEEEING.
  7239 | D:8      | 7239 ||| FLEEEEING.
  7241 | D:8      | 7241 ||| FLEEEEING.
  7242 | D:8      | 7242 ||| FLEEEEING.
  7243 | D:8      | 7243 ||| STAIRDANCE
  7297 | D:7      | 7297 ||| DROPPING +2 robe.
  7298 | D:7      | 7298 ||| READING 4 scrolls of identify.
  7298 | D:7      | 7298 ||| IDENTIFYING puce potion
  7331 | D:8      | Found a staircase to the Lair.
  7391 | D:8      | Reached skill level 12 in Ranged Weapons
  7422 | D:8      | 7422 ||| INVOKING Heroism.
  7431 | D:8      | Reached XP level 10. HP: 86/86 MP: 9/12
  7503 | D:8      | 7503 ||| Stepping ~*~*~tactically~*~*~ (outnumbered).
  7565 | D:8      | Paralysed by a hornet for 3 turns
  7570 | D:8      | 7570 ||| INVOKING Heroism.
  7575 | D:8      | 7575 ||| FLEEEEING.
  7584 | D:8      | 7584 ||| STAIRDANCE
  7727 | D:7      | 7727 ||| READING 3 scrolls of identify.
  7727 | D:7      | 7727 ||| IDENTIFYING metallic black potion
  7782 | D:8      | 7782 ||| INVOKING Heroism.
  7788 | D:8      | Reached skill level 6 in Dodging
  7789 | D:8      | 7789 ||| Stepping ~*~*~tactically~*~*~ (outnumbered).
  7883 | D:8      | 7883 ||| INVOKING Heroism.
  8195 | D:8      | 8195 ||| PLANNING LAIR
  8195 | D:8      | 8195 ||| UPGRADING to +0 pair of boots.
  8200 | D:8      | 8200 ||| READING 2 scrolls of identify.
  8200 | D:8      | 8200 ||| IDENTIFYING lumpy blue potion
  8201 | D:8      | 8201 ||| DROPPING potion of degeneration.
  8228 | Lair:1   | Entered Level 1 of the Lair of Beasts
  8442 | Lair:1   | Reached skill level 13 in Ranged Weapons
  8443 | Lair:1   | 8443 ||| INVOKING Heroism.
  8474 | Lair:1   | Reached skill level 9 in Fighting
  8481 | Lair:1   | 8481 ||| INVOKING Heroism.
  8562 | Lair:1   | You fall into a shaft and drop 1 floor!
  8596 | Lair:2   | Noticed a cane toad
  8597 | Lair:2   | 8597 ||| INVOKING Heroism.
  8603 | Lair:2   | Killed a cane toad
  8617 | Lair:2   | 8617 ||| UPGRADING to +6 ring of strength.
  8618 | Lair:2   | 8618 ||| UPGRADING to ring of resist corrosion.
  8619 | Lair:2   | 8619 ||| READING scroll labelled OPHIME TOFUCS.
  8620 | Lair:2   | 8620 ||| READING scroll labelled KINGOH QERCHY.
  8631 | Lair:2   | Reached *** piety under Okawaru
  8639 | Lair:2   | Reached skill level 14 in Ranged Weapons
  8639 | Lair:2   | 8639 ||| INVOKING Heroism.
  8657 | Lair:2   | Reached XP level 11. HP: 36/97 MP: 11/13
  8824 | Lair:2   | Found a shadowy altar of Dithmenos.
  8882 | Lair:1   | 8882 ||| INVOKING Heroism.
  9050 | Lair:1   | 9050 ||| INVOKING Heroism.
  9239 | Lair:1   | 9239 ||| INVOKING Heroism.
  9376 | Lair:1   | 9376 ||| INVOKING Heroism.
  9651 | Lair:2   | 9651 ||| INVOKING Heroism.
  9664 | Lair:2   | Reached **** piety under Okawaru
  9665 | Lair:2   | Reached skill level 15 in Ranged Weapons
 10111 | Lair:2   | 10111 ||| INVOKING Heroism.
 10201 | Lair:2   | 10201 ||| INVOKING Heroism.
 10315 | Lair:2   | Reached skill level 6 in Invocations
 10333 | Lair:2   | Found a hole to the Spider Nest.
 10504 | Lair:2   | 10504 ||| DROPPING amulet of magic regeneration.
 10532 | Lair:3   | 10532 ||| INVOKING Heroism.
 10652 | Lair:3   | 10652 ||| INVOKING Heroism.
 10656 | Lair:3   | Reached XP level 12. HP: 106/106 MP: 12/15
 10742 | Lair:3   | Found a staircase to the Shoals.
 10752 | Lair:3   | Reached ***** piety under Okawaru
 10768 | Lair:3   | 10768 ||| INVOKING Heroism.
 10877 | Lair:3   | 10877 ||| INVOKING Heroism.
 11092 | Lair:3   | Reached skill level 16 in Ranged Weapons
 11130 | Lair:3   | 11130 ||| INVOKING Heroism.
 11166 | Lair:3   | Received a gift from Okawaru
 11182 | Lair:3   | 11182 ||| INVOKING Heroism.
 11382 | Lair:3   | 11382 ||| INVOKING Heroism.
 11834 | Lair:3   | 11834 ||| Stepping ~*~*~tactically~*~*~ (water).
 11835 | Lair:3   | 11835 ||| INVOKING Heroism.
 11847 | Lair:3   | Noticed a five-headed hydra
 11848 | Lair:3   | Noticed a seven-headed hydra
 11854 | Lair:3   | Reached skill level 6 in Armour
 11864 | Lair:3   | Reached skill level 9 in Invocations
 11865 | Lair:3   | HP: 20/110 [seven-headed hydra (10)]
 11866 | Lair:3   | 11866 ||| READING 3 scrolls of teleportation.
 11866 | Lair:3   | HP: 9/110 [five-headed hydra (11)]
 11866 | Lair:3   | HP: 1/110 [five-headed hydra (8)]
 11866 | Lair:3   | Slain by a five-headed hydra

Levels and vault maps discovered:
D:1:      lemuel_arrival_river_passageway, layout_loops_ring, serial_park_tiny_2
D:2:      layout_basic, uniq_natasha, uniq_robin
D:3:      layout_loops_ring, palyth_stone_intersect
D:4:      layout_basic, uniq_blork_the_orc, uniq_sigmund,
          uniq_crazy_yiuf_cottage
D:5:      layout_loops_cross, serial_demonic, serial_demonic_e,
          serial_demonic_b, serial_demonic_d, serial_demonic_a,
          serial_demonic_b, serial_demonic_b, gammafunk_ghost_nasty_kobolds,
          nicolae_kite_square_tiling_tiny, chequers_serial_rivers_marsh,
          serial_bayou_pond_d
D:6:      layout_basic, mainiacjoe_overflow_alcove_1,
          minmay_temple_entry_mini_moons, uniq_prince_ribbit1
D:7:      minmay_recursive_quarters, layout_cave_pools, minitemple,
          ashenzari_conservatory_becter, dreamdust_princess_bridge
D:8:      layout_cave_pools, lair_entry_dummy, hellmonk_ghost_happy_afterlife,
          serial_gnoll_camp, gnoll_camp_mini_house, gnoll_camp_mini_doghouse,
          gnoll_camp_mini_house, gnoll_camp_mini_shop, gnoll_camp_medium_02
Temple:   nicolae_temple_bog_church
Lair:1:   layout_regular_city, infiniplex_staircase_pool_2, grunt_megastairs_2
Lair:2:   layout_cave_pods, nicolae_spider_entry_non_spiders, basic_altar
Lair:3:   nzn_winding_woodlands_three_and_one [nzn_winding_woodlands_5x15_twine,
          nzn_winding_woodlands_5x15_lazy_stream,
          nzn_winding_woodlands_5x15_sidewinder,
          nzn_winding_woodlands_center_pierced_h], layout_gridlike,
          minmay_shoals_entry_lonely_mermaid

Skill      XL: |  1  2  3  4  5  6  7  8  9 10 11 12 |
---------------+-------------------------------------+-----
Ranged Weapons | 3 4 5 6 7 8 10 12 14 15 16 | 16.0
Fighting       | 2 3 4 5 6 7 9 10 11 | 11.0
Armour         | 1 3 5 6 |  6.0
Dodging        | 3 5 6 7 8 |  8.1
Invocations    | 2 4 6 9 |  9.0
Spellcasting   | |  1.0
Hexes          | |  2.0

Action                     |  1- 3 |  4- 6 |  7- 9 | 10-12 || total
---------------------------+-------+-------+-------+-------++-------
   Fire: Sling             |    77 |   149 |   221 |       ||   447
         Orcbow            |       |       |   243 |   631 ||   874
 Invoke: Heroism           |       |       |     8 |    22 ||    30
    Use: Scroll            |     2 |     5 |     8 |     5 ||    20
         Potion            |     2 |       |     1 |       ||     3
 Armour: Robe              |     3 |       |       |       ||     3
         Ring mail         |       |       |    51 |       ||    51
         Leather armour    |       |       |    13 |       ||    13
         Steam dragon scal |       |       |     5 |   101 ||   106
  Dodge: Dodged            |    11 |    34 |   127 |   273 ||   445
  Block: Other             |     1 |    14 |    60 |    84 ||   159
         Reflection        |       |       |     7 |     1 ||     8

Table legend:
 A = Non-vault XP
 B = Vault XP
 C = Vault XP percentage of total XP
 D = Non-vault monster count
 E = Vault monster count
 F = Vault count percentage of total count
                 A         B        C        D         E       F
            +---------+---------+-------+---------+---------+-------
      Total |   24255 |    7417 |  23.4 |     252 |      96 |  27.6
            +---------+---------+-------+---------+---------+-------
        D:1 |      16 |       0 |   0.0 |       8 |       0 |   0.0
        D:2 |     149 |      66 |  30.7 |      27 |       9 |  25.0
        D:3 |     205 |       0 |   0.0 |      27 |       0 |   0.0
        D:4 |     351 |     313 |  47.1 |      21 |       2 |   8.7
        D:5 |     365 |     189 |  34.1 |      22 |      12 |  35.3
        D:6 |     544 |     277 |  33.7 |      11 |       1 |   8.3
        D:7 |    1282 |     932 |  42.1 |      27 |      10 |  27.0
        D:8 |    2161 |     797 |  26.9 |      17 |      33 |  66.0
     Lair:1 |    5140 |    1092 |  17.5 |      18 |       6 |  25.0
     Lair:2 |    5836 |     419 |   6.7 |      30 |       7 |  18.9
     Lair:3 |    8206 |    3332 |  28.9 |      44 |      16 |  26.7
            +---------+---------+-------+---------+---------+-------
